[Event "Titled Tuesday Blitz November 14 Early 2023"]
[White "HeroRubiksCube"]
[Black "Jarocka, Liwia"]
[BlackFideId "21807558"]
[WhiteElo "2520"]
[BlackElo "2354"]
[Result "1/2-1/2"]
[Round "4"]
[TimeControl "180+1"]
[Date "2023.11.14"]
[WhiteClock "0:00:04"]
[BlackClock "0:00:47"]
[Board "159"]

1. e4 d6 2. d4 e6 3. Nf3 Nf6 4. Nc3 Be7 5. Be2 O-O 6. O-O b6 7. h3 Bb7 8. e5 Nd5 9. Nxd5 Bxd5 10. c4 Bb7 11. Qc2 dxe5 12. dxe5 Nc6 13. Rd1 Qc8 14. a3 a5 15. Bf4 Rd8 16. Rxd8+ Qxd8 17. Rd1 Qe8 18. Bd3 h6 19. Be4 Rd8 20. Rxd8 Nxd8 21. Nd4 Qd7 22. Be3 Bc5 23. Bxb7 Bxd4 24. Qd3 c5 25. Ba6 Qc7 26. Bxd4 cxd4 27. Qxd4 Nc6 28. Qd6 Qxd6 29. exd6 Kf8 30. Bb5 Ne5 31. f4 Nd3 32. g3 Nxb2 33. Kf2 Nd3+ 34. Ke3 Nc5 35. g4 f6 36. h4 Kf7 37. h5 e5 38. Bc6 Ke6 39. Bd5+ Kxd6 40. Kf3 Nd3 41. fxe5+ Kxe5 42. Ke3 Nb2 43. Bg8 Na4 44. Bd5 Nc5 45. Bg8 Ne6 46. Bxe6 Kxe6 47. Ke4 Ke7 48. Kd5 Kd7 49. a4 g6 50. hxg6 Ke7 51. Ke4 Kf8 52. Kf4 Kg8 53. Ke4 Kf8 54. Kf4 Kg8 55. Ke4 Kf8 1/2-1/2


[Site "https://www.chess.com"]

[Event "Titled Tuesday Blitz November 14 Early 2023"]
[White "TimGrutter03"]
[Black "Degtiarev, Evgeny"]
[BlackFideId "4149610"]
[WhiteElo "2520"]
[BlackElo "2345"]
[Result "1-0"]
[Round "4"]
[TimeControl "180+1"]
[Date "2023.11.14"]
[WhiteClock "0:00:03"]
[BlackClock "0:00:04"]
[Board "160"]

1. e4 e5 2. Nc3 Nc6 3. Bc4 Nf6 4. d3 Bb4 5. a3 Bxc3+ 6. bxc3 h6 7. Nf3 O-O 8. O-O d5 9. exd5 Nxd5 10. Bd2 Bg4 11. Qe2 Nb6 12. Bb3 Kh8 13. h3 Bxf3 14. Qxf3 f5 15. Rfe1 Qd6 16. Qg3 Rad8 17. c4 Nd4 18. c5 Qxc5 19. Bb4 Qc6 20. Bxf8 Rxf8 21. Qxe5 Nxb3 22. cxb3 Nd5 23. Rac1 Qd7 24. Qe6 Qxe6 25. Rxe6 c6 26. Rce1 Kh7 27. g3 Rf7 28. b4 Rd7 29. Kg2 Kg8 30. R6e5 g6 31. Re8+ Kg7 32. Kf3 Kf7 33. Rh8 Kg7 34. Ra8 a6 35. d4 Nf6 36. Re5 Kf7 37. Rb8 Nd5 38. Ke2 Nb6 39. Kd3 Nd5 40. Rh8 Kg7 41. Ree8 Nf6 42. Rd8 Re7 43. Rb8 g5 44. Rhd8 h5 45. a4 g4 46. h4 Ne4 47. Rg8+ Kf7 48. Rbf8+ Ke6 49. Rg6+ Kd7 50. Rxf5 Nd6 51. Rxh5 Ne4 52. Rf5 Nd6 53. Re5 Rf7 54. Rxg4 Rxf2 55. Rg7+ Kd8 56. Ree7 Nf5 57. Ref7 Rf3+ 58. Ke4 Nd6+ 59. Kxf3 Nxf7 60. Rxf7 Ke8 61. Rf4 a5 62. bxa5 1-0


[Site "https://www.chess.com"]

[Event "Titled Tuesday Blitz November 14 Early 2023"]
[White "Rietze, Clemens, Dr."]
[Black "Almeida Junior, Alvaro Alves de"]
[WhiteFideId "24620351"]
[BlackFideId "2149974"]
[WhiteElo "2519"]
[BlackElo "2344"]
[Result "1/2-1/2"]
[Round "4"]
[TimeControl "180+1"]
[Date "2023.11.14"]
[WhiteClock "0:00:14"]
[BlackClock "0:00:11"]
[Board "161"]

1. d4 Nf6 2. c4 g6 3. f3 d5 4. cxd5 Nxd5 5. e4 Nb6 6. Nc3 Bg7 7. Be3 O-O 8. Qd2 Nc6 9. O-O-O Qd7 10. h4 h5 11. Nh3 Qd6 12. e5 Qb4 13. Ne4 Rd8 14. Qxb4 Nxb4 15. a3 Nc6 16. Nf4 Bf5 17. Nc5 Nd5 18. Nxd5 Rxd5 19. Bc4 Rdd8 20. Nxb7 Rdb8 21. Nc5 Na5 22. Ba2 Rb5 23. b4 Nb7 24. Bc4 Rb6 25. Rhg1 a5 26. b5 c6 27. Na4 Rxb5 28. Bxb5 cxb5 29. Nc3 Rc8 30. Kb2 b4 31. axb4 axb4 32. Nd5 Rc2+ 33. Kb3 e6 34. g4 exd5 35. gxf5 Rc3+ 36. Kxb4 Rxe3 37. fxg6 fxg6 38. Rxg6 Rxf3 39. Rc1 Rf7 40. Rg5 Nd8 41. Rc8 Rf8 42. Rxh5 Ne6 43. Rxf8+ Kxf8 44. Rf5+ Ke7 45. Kc3 Bh6 46. Rh5 Be3 47. Rh7+ Ke8 48. Kd3 Bxd4 49. Rh6 Ke7 50. Rh7+ Ke8 51. Rb7 Bf2 52. h5 Nc5+ 53. Ke2 Nxb7 54. Kxf2 Ke7 55. Ke3 Kf7 56. Kf4 d4 57. Ke4 Nc5+ 58. Kxd4 Nd7 59. Ke4 Nxe5 60. Kxe5 Kg7 61. Kf5 Kh6 62. Kg4 Kh7 63. Kg5 Kh8 64. Kf5 Kg8 65. Kg6 Kh8 66. Kf7 Kh7 67. Kf6 Kh6 68. Kf5 Kxh5 1/2-1/2


[Site "https://www.chess.com"]

[Event "Titled Tuesday Blitz November 14 Early 2023"]
[White "Olsson, Linus"]
[Black "Kornyukov, Alexey"]
[WhiteFideId "1706098"]
[BlackFideId "4150457"]
[WhiteElo "2517"]
[BlackElo "2344"]
[Result "1/2-1/2"]
[Round "4"]
[TimeControl "180+1"]
[Date "2023.11.14"]
[WhiteClock "0:00:08"]
[BlackClock "0:00:05"]
[Board "162"]

1. d4 Nf6 2. c4 e6 3. g3 d5 4. Bg2 Be7 5. Nf3 O-O 6. O-O dxc4 7. Qc2 a6 8. a4 Nc6 9. Qxc4 Na5 10. Qc2 b6 11. Ne5 Nd5 12. Nc3 Bb7 13. Bd2 Nb4 14. Qd1 Bxg2 15. Kxg2 Qxd4 16. Nf3 Qd8 17. Bf4 Qxd1 18. Raxd1 c5 19. Bc7 Bd8 20. Bd6 Re8 21. Ne5 Be7 22. Bc7 Bd8 23. Rxd8 Rexd8 24. Bxb6 Nac6 25. Nxc6 Nxc6 26. Bxd8 Rxd8 27. Rd1 Rxd1 28. Nxd1 Kf8 29. Kf3 Nd4+ 30. Ke3 Ke7 31. Kd3 Kd6 32. Ne3 Nc6 33. Nc4+ Kc7 34. e3 Nb4+ 35. Kd2 Kc6 36. Ne5+ Kd5 37. Nxf7 Kc4 38. Ng5 Kb3 39. Nxe6 c4 40. Kc1 Nd3+ 41. Kb1 Nxf2 42. Nc5+ Kb4 43. Nxa6+ Kxa4 44. Kc2 Ng4 45. Kc3 Kb5 46. Nc7+ Kc6 47. Ne6 Nxe3 48. Nxg7 Kc5 49. Ne6+ Kd5 50. Ng5 h6 51. Nf3 Nf1 52. g4 Kc5 53. h4 Ng3 54. Nd2 Ne2+ 55. Kc2 Nd4+ 56. Kd1 Ne6 57. Ke2 Kb4 58. Ke3 c3 59. bxc3+ Kxc3 60. Ne4+ Kc4 61. Nd6+ Kd5 62. Nf5 h5 63. gxh5 Ke5 64. Ng3 Kf6 65. Ke4 Ng7 66. Kf4 Ne6+ 67. Kg4 Ng7 68. Ne4+ Ke5 69. Ng5 Nf5 70. Nf3+ Kf6 71. Kf4 Nh6 72. Nd4 Ng8 73. Nf5 Ke6 74. Kg5 Kf7 75. h6 Nf6 76. h5 Nh7+ 77. Kg4 Kf6 78. Kf4 Ng5 79. Ng3 Nh7 80. Ne4+ Ke6 81. Nf2 Kf6 82. Ne4+ Kf7 83. Kf5 Nf8 84. Ng5+ Kg8 85. Kf6 Nh7+ 86. Kg6 Nf8+ 87. Kf5 Nh7 88. Ne4 Nf8 89. Nd6 Nh7 90. Nc4 Nf8 91. Ne5 Nh7 92. Ng6 Nf8 93. Ne5 Nh7 94. Ke6 Nf8+ 95. Ke7 Nh7 96. Nd7 Ng5 97. Nf6+ Kh8 98. Kf8 Nh7+ 99. Kf7 Nxf6 100. Kxf6 Kh7 101. Kg5 Kh8 102. Kg6 Kg8 103. h7+ Kh8 104. h6 1/2-1/2


[Site "https://www.chess.com"]

[Event "Titled Tuesday Blitz November 14 Early 2023"]
[White "Kubicka, Anna"]
[Black "Garrido, Denis"]
[WhiteFideId "1152254"]
[BlackFideId "601217"]
[WhiteElo "2514"]
[BlackElo "2343"]
[Result "0-1"]
[Round "4"]
[TimeControl "180+1"]
[Date "2023.11.14"]
[WhiteClock "0:00:00"]
[BlackClock "0:01:31"]
[Board "163"]

1. e4 c6 2. d4 d5 3. exd5 cxd5 4. Nf3 Nc6 5. Ne5 a6 6. Nxc6 bxc6 7. Bd3 Nf6 8. Bg5 Bg4 9. f3 Bh5 10. Bxf6 gxf6 11. Nc3 e6 12. Ne2 Bd6 13. Qd2 Qc7 14. O-O-O Bg6 15. h4 a5 16. h5 Bxd3 17. Qxd3 a4 18. c3 c5 19. dxc5 Qxc5 20. Qd4 Qxd4 21. Nxd4 Ke7 22. Rhe1 Rhc8 23. Nf5+ Kd7 24. Nxd6 Kxd6 25. a3 Rc4 26. Rd4 Rxd4 27. cxd4 Rc8+ 28. Kd2 Rc4 29. Kd3 e5 30. dxe5+ fxe5 31. Re2 f5 32. g3 e4+ 33. fxe4 fxe4+ 34. Ke3 Ke5 35. Kd2 d4 36. g4 d3 37. Rf2 Kd4 38. Rf4 Rc2+ 39. Kd1 Rxb2 0-1


[Site "https://www.chess.com"]

[Event "Titled Tuesday Blitz November 14 Early 2023"]
[White "Fernandez Siles, Luis"]
[Black "Cristi_Coca"]
[WhiteFideId "2209420"]
[WhiteElo "2342"]
[BlackElo "2513"]
[Result "0-1"]
[Round "4"]
[TimeControl "180+1"]
[Date "2023.11.14"]
[WhiteClock "0:00:22"]
[BlackClock "0:01:37"]
[Board "164"]

1. e4 c5 2. Nf3 e6 3. c3 d5 4. exd5 exd5 5. d4 Nc6 6. Be3 cxd4 7. Nxd4 Nf6 8. Bb5 Bd7 9. Qa4 Nxd4 10. Bxd7+ Qxd7 11. Qxd7+ Kxd7 12. Bxd4 Ne4 13. O-O Bc5 14. Bxc5 Nxc5 15. Nd2 Rhe8 16. Rfd1 Re2 17. b4 Na4 18. Rac1 Nb2 19. Kf1 Rae8 20. Re1 Rxd2 21. Rxe8 Kxe8 22. Ke1 Rd3 23. Ke2 d4 24. c4 Ra3 0-1


[Site "https://www.chess.com"]

[Event "Titled Tuesday Blitz November 14 Early 2023"]
[White "MIss_MIaMI"]
[Black "elmusmolamas"]
[WhiteElo "2341"]
[BlackElo "2511"]
[Result "1-0"]
[Round "4"]
[TimeControl "180+1"]
[Date "2023.11.14"]
[WhiteClock "0:00:08"]
[BlackClock "0:00:02"]
[Board "165"]

1. e4 c5 2. Nf3 d6 3. d4 cxd4 4. c3 Nf6 5. Bd3 dxc3 6. Nxc3 g6 7. Bc4 Nc6 8. O-O Bg7 9. Qe2 O-O 10. Rd1 Bg4 11. h3 Bxf3 12. Qxf3 Ne5 13. Qe2 Nxc4 14. Qxc4 Rc8 15. Qb3 Qc7 16. Be3 b6 17. Rac1 Qb7 18. f3 Rc6 19. Rd3 Rfc8 20. Rcd1 Qa6 21. a3 Qc4 22. Qc2 h6 23. Qd2 Kh7 24. Qf2 Qa6 25. g4 Qb7 26. h4 Nd7 27. Nd5 Ne5 28. Nb4 Nxd3 29. Rxd3 Rc4 30. g5 h5 31. Kg2 a5 32. Nd5 Rc2 33. Rd2 Rxd2 34. Qxd2 b5 35. Qxa5 Bxb2 36. Qb4 Bg7 37. a4 Rc2+ 38. Kg3 Rb2 39. Qa5 bxa4 40. Qd8 Be5+ 41. f4 Rb5 42. fxe5 Rxd5 43. exd5 dxe5 44. Kf3 a3 45. Qa5 e4+ 46. Kxe4 Qd7 47. Qxa3 Qg4+ 48. Kd3 Qxh4 49. Qxe7 Kg8 50. d6 Qh1 51. d7 Qb1+ 52. Kd4 Qb2+ 53. Ke4 Qb1+ 54. Kf3 Qh1+ 55. Ke2 Qh2+ 56. Bf2 Qh3 57. d8=Q+ Kh7 58. Qxf7# 1-0


[Site "https://www.chess.com"]

[Event "Titled Tuesday Blitz November 14 Early 2023"]
[White "KorolDimitriy75"]
[Black "Shubenkova, Veronika"]
[BlackFideId "44124040"]
[WhiteElo "2339"]
[BlackElo "2510"]
[Result "1-0"]
[Round "4"]
[TimeControl "180+1"]
[Date "2023.11.14"]
[WhiteClock "0:00:10"]
[BlackClock "0:00:00"]
[Board "166"]

1. d4 d5 2. c4 e6 3. Nc3 Nf6 4. Bg5 Be7 5. cxd5 exd5 6. e3 O-O 7. Bd3 c6 8. Qc2 Nbd7 9. Nge2 Re8 10. f3 h6 11. Bh4 a6 12. O-O c5 13. Rad1 b5 14. Bf5 Nb6 15. Bf2 Bf8 16. dxc5 Bxc5 17. Nd4 Nc4 18. Rfe1 Qb6 19. b3 Nxe3 20. Rxe3 Bxf5 21. Rxe8+ Rxe8 22. Nxf5 Bxf2+ 23. Qxf2 Qa5 24. Qd2 b4 25. Nxd5 Nxd5 26. Qxd5 Qxa2 27. Qd4 f6 28. Qd7 1-0


[Site "https://www.chess.com"]

[Event "Titled Tuesday Blitz November 14 Early 2023"]
[White "Ramadoss, Ashokkumar"]
[Black "Grossboss19"]
[WhiteFideId "5040990"]
[WhiteElo "2338"]
[BlackElo "2509"]
[Result "0-1"]
[Round "4"]
[TimeControl "180+1"]
[Date "2023.11.14"]
[WhiteClock "0:00:09"]
[BlackClock "0:00:11"]
[Board "167"]

1. Nf3 d5 2. c4 c6 3. Qc2 Nf6 4. d4 g6 5. e3 Bf5 6. Bd3 Bxd3 7. Qxd3 Bg7 8. O-O O-O 9. Nc3 Nbd7 10. e4 dxe4 11. Nxe4 Nxe4 12. Qxe4 Re8 13. Rd1 Nf6 14. Qe2 Qd7 15. b3 Rad8 16. Bb2 Qf5 17. h3 Qe4 18. Re1 Qxe2 19. Rxe2 e6 20. g3 Nd7 21. Kg2 Nb6 22. a4 Na8 23. h4 Nc7 24. h5 Na6 25. a5 Nb4 26. hxg6 hxg6 27. Bc3 c5 28. Bxb4 cxb4 29. Ra4 Bxd4 30. Rxb4 Re7 31. Rd2 e5 32. Nxd4 exd4 33. c5 d3 34. Rc4 Re2 35. Rd1 d2 36. Ra4 Re1 37. Raa1 Rxd1 38. Rxd1 Kf8 39. Kf3 Rd3+ 40. Ke2 Rxb3 41. Rxd2 Rb5 42. Rd7 Rxc5 43. Rxb7 Rxa5 44. Kf3 Ra4 45. g4 g5 46. Kg3 Ra3+ 47. f3 Kg7 48. Rb5 Kg6 49. Rb7 a5 50. Ra7 Kf6 51. Kg2 Ra2+ 52. Kg3 a4 53. Ra5 a3 54. Rf5+ Kg6 55. Ra5 Ra1 56. Kg2 a2 57. Ra6+ Kg7 58. Ra7 Kf6 59. Ra6+ Ke5 60. Ra8 Kf4 61. Ra4+ Ke3 62. Ra3+ Kd2 63. Ra8 Ke3 64. Ra3+ Kd4 65. Ra4+ Kc5 66. Ra5+ Kb4 67. Ra8 Kc4 68. Rc8+ Kb5 69. Rb8+ Kc6 70. Ra8 Kb7 71. Ra3 Kb6 72. Ra8 Kc6 73. Ra3 Kd6 74. Ra7 Ke5 75. Ra5+ Kf6 76. Ra6+ Kg7 77. Ra7 Kg6 78. Ra6+ f6 79. Ra7 f5 80. Ra6+ Kf7 81. gxf5 Kg7 82. Kh2 Kf7 83. Kg2 Ke7 84. Ra7+ Kf6 85. Ra6+ Kxf5 86. Ra5+ Kg6 87. Ra4 Kh5 88. Ra5 Kh6 89. Ra6+ Kg7 90. Ra7+ Kf6 91. Ra6+ Ke5 92. Ra5+ Kf4 93. Ra4+ Ke3 94. Ra3+ Ke2 95. Ra6 Kd3 96. Ra3+ Kc4 97. Ra8 Kb3 98. Rb8+ Kc3 99. Rc8+ Kd4 100. Ra8 Kc4 101. Rc8+ Kd4 102. Ra8 Kc5 103. Ra7 Kb5 104. Ra8 Kc5 105. Ra7 Kc4 106. Ra4+ Kb3 107. Ra8 Rb1 108. Kg3 a1=Q 0-1


[Site "https://www.chess.com"]

[Event "Titled Tuesday Blitz November 14 Early 2023"]
[White "Lopez Del Alamo, Antonio"]
[Black "Novik, Maxim"]
[WhiteFideId "2227339"]
[BlackFideId "4102924"]
[WhiteElo "2329"]
[BlackElo "2508"]
[Result "0-1"]
[Round "4"]
[TimeControl "180+1"]
[Date "2023.11.14"]
[WhiteClock "0:00:10"]
[BlackClock "0:01:11"]
[Board "168"]

1. e4 c6 2. d4 d5 3. e5 Bf5 4. h4 Qb6 5. g4 Bd7 6. c4 dxc4 7. Nc3 Be6 8. f4 Bd5 9. Nxd5 cxd5 10. f5 Nc6 11. Nf3 e6 12. Bh3 Bb4+ 13. Kf1 Nge7 14. Be3 exf5 15. gxf5 f6 16. Qe2 O-O-O 17. Rd1 Kb8 18. Kg2 Ka8 19. a3 Ba5 20. Rb1 Rhf8 21. e6 g6 22. Qc2 gxf5 23. b4 cxb3 24. Rxb3 Qc7 25. Rhb1 Rg8+ 26. Kh1 Qg3 27. Qg2 Bb6 28. Qxg3 Rxg3 29. Bf4 Rxh3+ 30. Kg2 Rxf3 31. Kxf3 Nxd4+ 32. Kg2 Nxb3 33. Rxb3 d4 34. Rg3 d3 35. Bd2 Bc5 36. Rg7 Bxa3 37. h5 a5 38. h6 Bb4 39. Bxb4 axb4 40. Rxe7 d2 41. Rd7 Rxd7 42. exd7 0-1


[Site "https://www.chess.com"]

[Event "Titled Tuesday Blitz November 14 Early 2023"]
[White "Zivic, Dragan"]
[Black "Pinto, Daniel"]
[WhiteFideId "904740"]
[BlackFideId "3303144"]
[WhiteElo "2329"]
[BlackElo "2508"]
[Result "0-1"]
[Round "4"]
[TimeControl "180+1"]
[Date "2023.11.14"]
[WhiteClock "0:00:09"]
[BlackClock "0:00:03"]
[Board "169"]

1. c4 c5 2. Nc3 Nc6 3. Nf3 e5 4. g3 g6 5. Bg2 Bg7 6. d3 Nge7 7. Bg5 h6 8. Bd2 O-O 9. O-O d6 10. a3 a5 11. h3 Be6 12. e4 Qd7 13. Kh2 f5 14. Qc1 f4 15. gxf4 exf4 16. Bxf4 Rxf4 17. Qxf4 Nd4 18. Qd2 Nxf3+ 19. Bxf3 Be5+ 20. Kh1 Rf8 21. Bg2 Bxh3 22. f4 Bxg2+ 23. Qxg2 Bxf4 24. Nd5 Nxd5 25. Qxg6+ Kh8 26. Rf3 Qg7 27. Qxg7+ Kxg7 28. Rg1+ Bg5 29. Rxf8 Kxf8 30. exd5 Kf7 31. Kg2 Kf6 32. Kf3 Ke5 33. Ke2 Kf4 34. Rf1+ Kg3 35. Rf7 h5 36. Rxb7 h4 37. Rg7 Kg4 38. Kf2 h3 39. Kg1 Kh4 40. Rg6 Be3+ 41. Kh1 Bf4 42. b3 Be5 43. a4 h2 44. Rg7 Bxg7 0-1


[Site "https://www.chess.com"]

[Event "Titled Tuesday Blitz November 14 Early 2023"]
[White "Sreyas Payyappat"]
[Black "rikchessmx"]
[WhiteFideId "46674969"]
[WhiteElo "2504"]
[BlackElo "2325"]
[Result "1-0"]
[Round "4"]
[TimeControl "180+1"]
[Date "2023.11.14"]
[WhiteClock "0:02:26"]
[BlackClock "0:02:03"]
[Board "170"]

1. e4 e5 2. Nf3 Nc6 3. Bc4 Bc5 4. c3 Qf6 5. d4 exd4 6. O-O Nge7 7. e5 Nxe5 8. Nxe5 Qxe5 9. Re1 Qf6 10. cxd4 Bxd4 11. Qe2 O-O 12. Qxe7 Bxf2+ 13. Kf1 Qd4 14. Qxf7+ Rxf7 15. Re8# 1-0


[Site "https://www.chess.com"]

[Event "Titled Tuesday Blitz November 14 Early 2023"]
[White "Shuvalov, Evgenij"]
[Black "Mazzilli, Piero"]
[WhiteFideId "4187237"]
[BlackFideId "807087"]
[WhiteElo "2503"]
[BlackElo "2324"]
[Result "1/2-1/2"]
[Round "4"]
[TimeControl "180+1"]
[Date "2023.11.14"]
[WhiteClock "0:00:28"]
[BlackClock "0:00:08"]
[Board "171"]

1. d4 d5 2. c4 e6 3. Nc3 Nf6 4. Nf3 Nbd7 5. Bf4 a6 6. c5 Be7 7. e3 O-O 8. Bd3 c6 9. h3 Ne8 10. g4 b6 11. b4 a5 12. a3 Ba6 13. Bxa6 Rxa6 14. b5 cxb5 15. c6 Nb8 16. Nxb5 Nxc6 17. Qc2 Na7 18. Qd3 Nxb5 19. Qxb5 Ra7 20. O-O Bd6 21. Ne5 Bxe5 22. Bxe5 Nd6 23. Bxd6 Qxd6 24. Rfc1 Rc7 25. a4 Rfc8 26. Rxc7 Rxc7 27. Qe8+ Qf8 28. Qb5 Qd8 29. Rb1 g6 30. Kg2 Rc4 31. Qxb6 Qxb6 32. Rxb6 Rxa4 33. g5 Ra2 34. Ra6 a4 35. Ra8+ Kg7 36. h4 h6 37. Kg3 hxg5 38. hxg5 a3 39. Kg2 Ra1 40. Kh2 Kh7 41. Kg2 Kg7 42. Kh2 Rf1 43. Kg2 Ra1 1/2-1/2


[Site "https://www.chess.com"]

[Event "Titled Tuesday Blitz November 14 Early 2023"]
[White "Erzhanov, Arman"]
[Black "VOneChess"]
[WhiteFideId "4138821"]
[WhiteElo "2502"]
[BlackElo "2323"]
[Result "1-0"]
[Round "4"]
[TimeControl "180+1"]
[Date "2023.11.14"]
[WhiteClock "0:01:05"]
[BlackClock "0:00:06"]
[Board "172"]

1. e4 c5 2. d4 cxd4 3. Qxd4 Nc6 4. Qd3 Nf6 5. Nc3 d6 6. Nf3 g6 7. Be2 Bg7 8. O-O O-O 9. Nd5 Be6 10. c3 Qd7 11. Bg5 Bxd5 12. exd5 Ne5 13. Nxe5 dxe5 14. Bf3 Rfd8 15. Rad1 Rac8 16. c4 h6 17. Bh4 g5 18. Bg3 Qc7 19. b3 Nd7 20. Qf5 Nc5 21. Rfe1 e6 22. dxe6 Nxe6 23. Bd5 Nf4 24. Bxf4 exf4 25. Re4 Qd7 26. Qxd7 Rxd7 27. Rde1 Kf8 28. a4 Bf6 29. h4 a5 30. Kh2 b6 31. Kh3 gxh4 32. Rxf4 Bg5 33. Rfe4 Rcd8 34. Kg4 Rxd5 35. cxd5 Rxd5 36. f4 Bf6 37. Re8+ Kg7 38. Rb8 h5+ 39. Kf3 Bd4 40. Rd1 Rd6 41. Ke4 Bc5 42. Rxd6 Bxd6 43. Rxb6 Bb4 44. Rxb4 axb4 45. a5 h3 46. gxh3 Kg6 47. a6 f5+ 48. Ke5 h4 49. a7 Kh6 50. a8=Q Kh5 51. Qh8+ Kg6 52. Qg8+ Kh6 53. Kf6 Kh5 54. Qg6# 1-0


[Site "https://www.chess.com"]

[Event "Titled Tuesday Blitz November 14 Early 2023"]
[White "Sadovsky, Artem"]
[Black "Josgar05"]
[WhiteFideId "4155840"]
[WhiteElo "2496"]
[BlackElo "2320"]
[Result "1-0"]
[Round "4"]
[TimeControl "180+1"]
[Date "2023.11.14"]
[WhiteClock "0:00:27"]
[BlackClock "0:01:01"]
[Board "173"]

1. Nf3 c6 2. e3 d5 3. Be2 Nf6 4. c4 e6 5. b3 Be7 6. Bb2 O-O 7. d3 b6 8. Nbd2 Bb7 9. O-O Nbd7 10. Qc2 Rc8 11. Rad1 Qc7 12. Qb1 Qb8 13. Qa1 Qa8 14. Ne5 Nxe5 15. Bxe5 c5 16. Nf3 dxc4 17. bxc4 Rcd8 18. a4 Rd7 19. a5 Rfd8 20. axb6 axb6 21. Qxa8 Rxa8 22. Rb1 Bd8 23. Rb2 Ra3 24. Rfb1 Bc6 25. h3 h6 26. Rxb6 Bxb6 27. Rxb6 Ba8 28. Rb8+ Kh7 29. Rc8 Rb7 30. Bxf6 gxf6 31. Rxc5 Rb1+ 32. Kh2 Rb2 33. Ng1 Ra1 34. Rc8 Rbb1 35. Bf3 Bxf3 36. Nxf3 Ra2 37. Rc7 Kg7 38. Kg3 Rbb2 39. Nd4 Rxf2 40. Nxe6+ Kg8 41. Nf4 Rfc2 42. Kf3 f5 43. Rc5 h5 44. Rxf5 h4 45. Rh5 Kg7 46. Rxh4 Kf6 47. Ke4 Ra3 48. Rh6+ Kg7 49. Rd6 Raa2 50. g4 Ra3 51. Rc6 Raa2 52. c5 Ra3 53. d4 Rcc3 54. Nd5 Rc2 55. h4 Rg2 56. Nf6 Rg3 57. Nh5+ 1-0


[Site "https://www.chess.com"]

[Event "Titled Tuesday Blitz November 14 Early 2023"]
[White "Goswami, Vedant"]
[Black "Hajiyev, Kanan"]
[WhiteFideId "5003725"]
[BlackFideId "13404148"]
[WhiteElo "2318"]
[BlackElo "2496"]
[Result "1-0"]
[Round "4"]
[TimeControl "180+1"]
[Date "2023.11.14"]
[WhiteClock "0:00:16"]
[BlackClock "0:00:39"]
[Board "174"]

1. c3 c6 2. d4 d5 3. Bf4 Nf6 4. Nf3 Bf5 5. e3 e6 6. Nbd2 Bd6 7. Qb3 Bxf4 8. exf4 Qb6 9. Be2 O-O 10. O-O Nbd7 11. Ne5 Qxb3 12. axb3 Rfd8 13. b4 a6 14. f3 Nxe5 15. fxe5 Nd7 16. Nb3 g5 17. g4 Bc2 18. Nc5 Nxc5 19. bxc5 f6 20. exf6 Kf7 21. f4 Kxf6 22. fxg5+ Kxg5 23. Rf7 Rab8 24. Raf1 Bg6 25. Rc7 Rdc8 26. Rxc8 Rxc8 27. Kg2 Kh4 28. b4 e5 29. Rf6 Re8 30. Bf3 e4 31. Be2 Kg5 32. Rd6 Kf4 33. Rd7 Ke3 34. Bf1 Rb8 35. h4 Kd2 36. h5 Be8 37. Rxh7 Kxc3 38. g5 Kxd4 39. g6 Bxg6 40. hxg6 Rg8 41. g7 Ke3 42. Kg3 Kd2 43. Kf4 e3 44. Ke5 e2 45. Bxe2 Kxe2 46. Kf6 d4 47. Kf7 Rd8 48. g8=Q Rxg8 49. Kxg8 d3 50. Rxb7 d2 51. Re7+ Kd3 52. Rd7+ Kc2 53. Kf7 d1=Q 54. Rxd1 Kxd1 55. Ke6 Kc2 56. Kd6 Kb3 57. Kxc6 Kxb4 58. Kb6 a5 59. c6 a4 60. c7 a3 61. c8=Q a2 62. Qc1 Kb3 63. Qa1 1-0


[Site "https://www.chess.com"]

[Event "Titled Tuesday Blitz November 14 Early 2023"]
[White "Umarov, Sabir"]
[Black "Keleberda, Tymur"]
[WhiteFideId "14200538"]
[BlackFideId "14174294"]
[WhiteElo "2317"]
[BlackElo "2493"]
[Result "1-0"]
[Round "4"]
[TimeControl "180+1"]
[Date "2023.11.14"]
[WhiteClock "0:00:09"]
[BlackClock "0:00:06"]
[Board "175"]

1. e4 b6 2. d4 e6 3. Bd3 Bb7 4. Ne2 c5 5. c3 d6 6. O-O Nd7 7. f4 Ngf6 8. e5 Ne4 9. Nd2 Nxd2 10. Bxd2 g6 11. Be3 a6 12. a4 h5 13. b4 cxb4 14. cxb4 dxe5 15. fxe5 Bxb4 16. Nf4 O-O 17. Nxh5 Qh4 18. Nf4 Rad8 19. Qb3 a5 20. Nxe6 Qg4 21. Nf4 g5 22. Be2 Qf5 23. Nh5 Qg6 24. Nf6+ Nxf6 25. Rxf6 Qg7 26. Rf5 Be4 27. Rxg5 Bg6 28. Bd3 Be7 29. Rg4 Rc8 30. Rxg6 Qxg6 31. Bxg6 Rc6 32. Be4 Rc7 33. Qd1 Rfc8 34. Qg4+ Kf8 35. Bh6+ Ke8 36. Bf5 Bf8 37. Qg8 Ke7 38. Bg5+ Ke8 39. e6 Rb8 40. exf7+ Rxf7 41. Bg6 Rb7 42. Rf1 Kd7 43. Rxf7+ Kd6 44. Rxb7 Kc6 45. Qxf8 Kxb7 46. Qe7+ Ka6 47. Bd3+ b5 48. Bxb5+ Kb6 49. Qd6+ Kb7 50. Qc6+ Ka7 51. Qc7+ Ka8 52. Bc6# 1-0


[Site "https://www.chess.com"]

[Event "Titled Tuesday Blitz November 14 Early 2023"]
[White "a-z30"]
[Black "Ardila, Oscar Humberto"]
[BlackFideId "4404742"]
[WhiteElo "2491"]
[BlackElo "2316"]
[Result "0-1"]
[Round "4"]
[TimeControl "180+1"]
[Date "2023.11.14"]
[WhiteClock "0:00:02"]
[BlackClock "0:00:05"]
[Board "176"]

1. d3 Nf6 2. Nf3 d6 3. c4 Nbd7 4. Nc3 e5 5. g3 g6 6. Bg2 Bg7 7. O-O O-O 8. Rb1 Re8 9. b3 Nf8 10. Bb2 Bf5 11. h3 c6 12. Rc1 Qd7 13. Kh2 h6 14. Re1 Rad8 15. e4 Be6 16. d4 Qc7 17. d5 cxd5 18. cxd5 Bc8 19. Nd2 Qb6 20. Qe2 a6 21. Nc4 Qa7 22. a4 b6 23. Ba3 Qb8 24. a5 b5 25. Nb6 N8d7 26. Na2 Nxb6 27. axb6 Qxb6 28. Rc6 Qb8 29. Rec1 Bf8 30. Qd2 Bb7 31. Rb6 Nd7 32. Rbc6 Bxc6 33. dxc6 Nc5 34. Qc2 Qc7 35. Nb4 a5 36. Nd5 Qxc6 37. Nf6+ Kg7 38. Nxe8+ Qxe8 39. Bxc5 dxc5 40. Bf1 b4 41. Bc4 Rd4 42. Bd5 Qb5 43. Rd1 Be7 44. Rxd4 exd4 45. Bc4 Qc6 46. f4 Qb6 47. Qd3 Qa7 48. Bb5 Qb7 49. e5 Qd5 50. h4 h5 51. Bc4 Qd8 52. Qe4 f6 53. exf6+ Bxf6 54. Qe6 Qe7 55. Qg8+ Kh6 56. Bd5 Qg7 57. Qe6 d3 58. Be4 d2 59. Qd5 Bc3 60. Qd6 Qf6 61. Qd5 Qd4 62. Qe6 Qf2+ 63. Kh3 Qf1+ 64. Bg2 d1=Q 65. Bxf1 Qxf1+ 66. Kh2 Qf2+ 67. Kh3 Qf1+ 68. Kh2 Bd4 69. Qe4 Qg1+ 70. Kh3 Qf1+ 71. Kh2 Bg1+ 72. Kh1 Bf2+ 73. Kh2 Qg1+ 74. Kh3 Qf1+ 75. Qg2 Qe1 76. Qa8 Qf1+ 77. Kh2 Qg1+ 78. Kh3 Qxg3# 0-1


[Site "https://www.chess.com"]

[Event "Titled Tuesday Blitz November 14 Early 2023"]
[White "Zomorrodian, Eilia"]
[Black "Pumpkin_in_moonlight"]
[WhiteFideId "12551805"]
[WhiteElo "2486"]
[BlackElo "2312"]
[Result "1-0"]
[Round "4"]
[TimeControl "180+1"]
[Date "2023.11.14"]
[WhiteClock "0:01:29"]
[BlackClock "0:00:02"]
[Board "177"]

1. e4 e5 2. Bc4 Nf6 3. d3 Bc5 4. Nf3 Nc6 5. c3 d5 6. exd5 Nxd5 7. O-O O-O 8. Re1 Bg4 9. h3 Bh5 10. g4 Bg6 11. Nxe5 Nxe5 12. Rxe5 Qf6 13. d4 c6 14. Bg5 Qd6 15. Rxd5 cxd5 16. dxc5 Qe5 17. Be3 dxc4 18. Nd2 Rad8 19. Qf3 Bd3 20. Qxb7 f5 21. Nf3 Qe4 22. Qxe4 Bxe4 23. Ne5 fxg4 24. hxg4 Rfe8 25. Bd4 Bd3 26. Re1 Rd5 27. Nxd3 Rxe1+ 28. Nxe1 Rd8 29. Nc2 Rb8 30. c6 Rc8 31. Bxa7 Rxc6 32. Bd4 Ra6 33. a3 Ra8 34. Nb4 Kf7 35. f4 Ke6 36. Kf2 Kd7 37. Ke3 Re8+ 38. Be5 g5 39. Kd4 gxf4 40. Bxf4 Re2 41. Kxc4 Rxb2 42. a4 Rg2 43. g5 Rg4 44. Nd5 Kc6 45. a5 Kb7 46. Kb5 Rg1 47. c4 Rb1+ 48. Nb4 Ka7 49. Be3+ Ka8 50. a6 Ra1 51. c5 Re1 52. Bd4 Re8 53. c6 Rb8+ 54. Ka5 Rc8 55. a7 Rg8 56. Na6 Rxg5+ 57. Kb6 Rg8 58. Nc7# 1-0


[Site "https://www.chess.com"]